Map: Lightshade LE

Players

Cham

  • Race: Zerg Zerg
  • League: Grandmaster
  • Spawn Location: 5:00

SpeCial - Winner!

  • Race: Terran Terran
  • League: Master
  • Spawn Location: 11:00

Event: DreamHack SC2 Masters 2020 Winter

VOD

Have the link to the VOD?

Description

Time

  • Played on: Oct. 23, 2020, 4:48 p.m.
  • Length: 9:53

All games in this series

Show
View Real Time Build Order
Export as new Build Order

Cham Zerg 

Build Orders: Hatch First 

Get SALT Encoding   

  12  0:00  Drone  
  13  0:08  Drone  
  14  0:16  Overlord  
  14  0:34  Drone  
  14  0:35  Drone  
  16  0:46  Hatchery  
  15  0:50  Drone  
  15  0:54  Drone  
  17  0:57  Drone  
  18  1:08  Extractor  
  17  1:12  Spawning Pool  
  17  1:15  Drone  
  17  1:20  Drone  
  18  1:29  Drone  
  19  1:40  Drone  
  20  1:49  Overlord  
  20  1:59  Queen x2  
  20  2:00  Zergling x2  
  20  2:01  Zergling x2  
  26  2:09  Drone  
  26  2:12  Drone  
  26  2:14  Metabolic Boost  
  28  2:25  Drone x2  
  30  2:34  Hatchery  
  29  2:42  Drone x3  
  32  2:48  Queen  
  34  2:53  Overlord  
  34  2:58  Overlord  
  34  3:02  Drone  
  34  3:04  Drone  
  36  3:14  Overlord  
  36  3:15  Drone x2  
  36  3:17  Drone x2  
  40  3:24  Queen  
  40  3:25  Overlord  
  42  3:28  Drone  
  43  3:36  Drone x2  
  45  3:46  Zergling x6  
  48  3:49  Zergling x2  
  48  3:50  Drone  
  48  3:51  Drone x4  
  48  3:55  Queen  
  54  3:58  Drone  
  54  4:00  Drone  
  58  4:03  Drone  
  58  4:05  Queen  
  58  4:09  Drone x2  
  63  4:12  Spore Crawler  
  61  4:18  Drone  
  61  4:20  Drone  
  63  4:29  Drone  
  63  4:30  Drone x3  
  63  4:31  Drone x3  
  70  4:34  Lair  
  70  4:37  Baneling Nest  
  70  4:38  Drone, Extractor  
  68  4:39  Extractor  
  68  4:40  Drone  
  67  4:47  Drone  
  67  4:49  Drone  
  67  4:50  Drone  
  66  4:53  Drone  
  66  4:54  Drone x3  
  66  4:58  Evolution Chamber  
  69  5:00  Evolution Chamber  
  69  5:01  Drone  
  69  5:02  Drone  
  69  5:03  Overlord  
  69  5:04  Hatchery  
  69  5:07  Spore Crawler  
  69  5:12  Drone  
  69  5:13  Drone x3  
  72  5:14  Extractor  
  72  5:17  Overlord  
  71  5:21  Spore Crawler  
  71  5:23  Spore Crawler  
  71  5:25  Drone  
  71  5:29  Drone  
  71  5:30  Zergling x4  
  71  5:33  Overlord x2  
  74  5:36  Zerg Melee Weapons Level 1, Zerg Ground Armor Level 1  
  74  5:40  Centrifical Hooks  
  74  5:41  Zergling x4  
  74  5:42  Zergling x10  
  81  5:47  Zergling x2  
  81  5:49  Overlord  
  82  5:50  Overlord  
  82  5:53  Zergling x4  
  82  5:55  Zergling x2  
  85  6:01  Zergling x4  
  87  6:08  Zergling x8  
  87  6:09  Baneling x7  
  87  6:10  Baneling  
  90  6:13  Baneling x2  
  90  6:16  Zergling x2  
  90  6:17  Zergling x16  
  99  6:21  Queen  
  95  6:30  Zergling x8  
  88  6:35  Zergling x4  
  88  6:36  Zergling x6  
  93  6:42  Drone  
  93  6:43  Drone x2  
  93  6:44  Zergling x2  
  96  6:48  Overlord x2  
  96  6:49  Overlord  
  96  6:53  Baneling x2  
  96  6:54  Baneling x2  
  96  6:55  Overlord x2  
  96  7:00  Overlord  
  96  7:05  Drone x4, Hatchery  
  96  7:06  Overlord  
  90  7:09  Drone x2  
  90  7:10  Drone x2  
  90  7:11  Drone x2  
  90  7:13  Drone  
  97  7:17  Zergling x6  
  97  7:18  Baneling  
  97  7:19  Baneling x2  
  97  7:20  Drone  
  97  7:21  Zergling x2  
  98  7:24  Zergling x4  
  98  7:28  Zergling x6  
  101  7:32  Zergling x4  
  101  7:34  Zergling x4  
  101  7:35  Zergling x2  
  106  7:42  Drone x3  
  105  7:44  Zergling x6  
  105  7:45  Zergling x2  
  105  7:46  Baneling  
  105  7:47  Baneling x3  
  105  7:51  Zergling x6  
  106  7:58  Zergling x2  
  106  7:59  Zergling x2  
  106  8:01  Zergling x2  
  106  8:02  Zergling x6  
  106  8:04  Hatchery  
  111  8:06  Zergling x4  
  111  8:07  Zergling x2  
  111  8:09  Baneling  
  111  8:10  Baneling x3  
  114  8:14  Baneling x2  
  114  8:17  Zergling x12  
  120  8:21  Drone x2  
  120  8:23  Drone  
  122  8:27  Zergling x2  
  122  8:29  Zergling x2  
  122  8:33  Zergling x4  
  124  8:38  Baneling x6  
  124  8:39  Baneling x6  
  124  8:41  Zergling x10  
  128  8:45  Zergling x2  
  128  8:46  Zergling x2  
  130  8:50  Zergling x4  
  130  8:55  Baneling x4  
  128  8:57  Zergling x2  
  128  9:08  Zergling x18  
  122  9:10  Baneling x2  
  122  9:16  Zergling x2  
  110  9:20  Baneling  
  110  9:21  Baneling  
  84  9:25  Zergling x18  
  84  9:27  Baneling x2  
  89  9:33  Zergling x2  
Show
View Real Time Build Order
Export as new Build Order

SpeCial Terran - Winner!

Build Orders: Reaper Expand 

Get SALT Encoding   

  12  0:00  SCV  
  13  0:13  SCV  
  14  0:17  Supply Depot  
  14  0:25  SCV  
  15  0:39  SCV  
  15  0:40  Barracks  
  16  0:43  Refinery  
  16  0:51  SCV  
  17  1:03  SCV  
  18  1:15  SCV  
  19  1:27  Orbital Command, Reaper  
  20  1:39  Command Center  
  20  1:50  Supply Depot  
  20  1:53  SCV  
  21  1:58  Marine  
  22  2:03  Factory  
  22  2:06  SCV  
  23  2:18  SCV  
  23  2:21  Barracks Reactor  
  24  2:30  SCV  
  25  2:37  Command Center  
  25  2:42  SCV  
  26  2:47  Factory Reactor  
  26  2:51  Orbital Command  
  26  2:54  SCV  
  27  2:59  Barracks  
  27  3:02  Marine  
  27  3:04  Marine  
  29  3:07  SCV  
  30  3:17  SCV  
  30  3:19  SCV  
  32  3:24  Hellion x2  
  32  3:25  Marine, Refinery  
  32  3:26  Marine  
  38  3:31  SCV x2  
  40  3:40  Supply Depot  
  40  3:44  SCV  
  40  3:45  SCV  
  40  3:46  Barracks Tech Lab  
  40  3:47  Marine x2  
  44  3:50  Hellion  
  44  3:52  Hellion  
  48  3:55  Orbital Command  
  48  3:59  SCV x2  
  50  4:07  Starport  
  50  4:08  Marine  
  50  4:09  Marine  
  52  4:11  SCV  
  52  4:13  Marine  
  54  4:19  Stimpack  
  54  4:20  SCV  
  55  4:26  Marine  
  55  4:27  Marine  
  55  4:31  Marine, SCV  
  56  4:33  SCV  
  56  4:35  SCV  
  56  4:39  Supply Depot  
  56  4:41  Engineering Bay  
  56  4:43  Marine  
  56  4:45  Marine  
  58  4:50  Marine  
  58  4:51  SCV  
  58  4:56  Factory Tech Lab  
  58  4:58  SCV x2, Barracks  
  59  5:01  Medivac, Refinery, Marine, Supply Depot  
  59  5:03  SCV  
  59  5:05  Medivac  
  65  5:11  Marine  
  65  5:12  Marine  
  65  5:14  Terran Infantry Weapons Level 1  
  67  5:15  SCV x2  
  67  5:18  Orbital Command  
  67  5:19  Marine  
  70  5:25  Siege Tank, Supply Depot  
  70  5:27  SCV  
  70  5:28  Orbital Command  
  70  5:29  SCV, Marine x2  
  73  5:37  Marine  
  73  5:39  SCV  
  75  5:46  Barracks  
  75  5:47  SCV, Starport Reactor, Barracks, Supply Depot, Marine x2  
  78  5:52  Marine x2  
  78  5:54  SCV x2  
  78  5:55  Marine  
  83  5:59  Combat Shield  
  83  6:01  Siege Tank  
  83  6:03  Refinery  
  86  6:05  Supply Depot, Marine x2, SCV  
  86  6:06  SCV  
  86  6:10  Marine x2  
  92  6:13  Marine  
  93  6:23  Marine x2  
  93  6:25  SCV x3  
  98  6:28  Marine x2  
  98  6:30  Medivac x2, Marine  
  102  6:34  Barracks Reactor  
  102  6:37  SCV x2  
  104  6:40  Marine  
  104  6:41  Marine  
  104  6:45  Barracks Reactor  
  104  6:46  Marine x2  
  106  6:48  Marine  
  106  6:49  SCV x2, Barracks  
  106  6:50  Barracks  
  106  6:51  Supply Depot  
  109  6:54  Supply Depot, Barracks  
  109  6:57  SCV  
  109  6:58  Marine x2  
  109  7:01  Medivac  
  114  7:03  Marine x2  
  114  7:06  Marine  
  116  7:09  Marine  
  116  7:12  Marine  
  116  7:13  Medivac  
  120  7:16  Marine x2  
  120  7:21  Marine x2  
  124  7:24  Marine  
  124  7:25  Marine x2  
  124  7:26  SCV x2  
  124  7:29  Marine  
  130  7:30  Marine  
  130  7:32  Medivac  
  133  7:39  Barracks Reactor x2  
  133  7:40  Supply Depot  
  133  7:43  Siege Tank, Marine x2, SCV x3  
  141  7:46  Missile Turret, Terran Infantry Armor Level 1  
  136  7:52  Marine  
  136  7:54  Marine x2  
  136  7:55  SCV, Marine  
  141  7:59  Barracks Reactor  
  141  8:01  Marine x2  
  143  8:05  Marine  
  143  8:12  Supply Depot x2  
  144  8:13  Marine x4  
  148  8:20  Armory  
  148  8:23  Engineering Bay  
  148  8:25  Marine x2  
  148  8:26  Marine x2  
  149  8:33  SCV x3, Siege Tank  
  155  8:38  Marine x3  
  155  8:39  Marine  
  159  8:42  Medivac  
  159  8:44  Marine  
  162  8:51  Marine x4  
  162  8:52  Marine  
  162  8:54  Marine  
  165  8:56  Marine  
  165  8:57  Marine  
  165  9:04  Marine x2, Orbital Command  
  165  9:05  Marine  
  165  9:06  Marine x4, Siege Tank  
  165  9:09  Marine x3  
  157  9:11  Marine  
  157  9:17  Marine x2  
Tags
 
Add a new tag
Caveats
  • Supply blocks, unpowered buildings, or Contaminate may cause inaccurate times.
  • Supply counts are checked every 10 seconds.